TOP OF THE 1ST |
Amarillo Archdukes batting - Pitching for Trenton Stars : RHP Ki-tong Shiu
|
Pitching: RHP Ki-tong Shiu
|
|
Batting: RHB Mitsuoki Taguchi
|
0-0: Ball 1-0: Ground out 4-3 (Groundball, 4M)
|
Batting: RHB Ronald Parsons
|
0-0: Called Strike 0-1: Swinging Strike 0-2: Ball 1-2: Ball 2-2: Ground out U3 (Groundball, 3S)
|
Batting: LHB Chris Pryor
|
0-0: Ball 1-0: Foul Ball, location: 2F 1-1: SINGLE (Flyball, 89S)
|
Batting: RHB Tim Chambers
|
0-0: Called Strike 0-1: Reached on error, E5 (Groundball, 5S) Chris Pryor to second
|
Batting: LHB Howard Lambert
|
0-0: Ball 1-0: Called Strike 1-1: Ball 2-1: Foul Ball, location: 2F 2-2: Foul Ball, location: 2F 2-2: SINGLE (Line Drive, 4M) Chris Pryor to third Tim Chambers to second Runner from 3rd tries for Home, SAFE, throw made at trailing runner, OUT at third!
|
Top of the 1st over - 1 run(s), 2 hit(s), 1 error(s), 1 left on base; Amarillo 1 - Trenton 0 |
BOTTOM OF THE 1ST |
Trenton Stars batting - Pitching for Amarillo Archdukes : RHP José Abacil
|
Pitching: RHP José Abacil
|
|
Batting: SHB Nick Marshall
|
0-0: DOUBLE (Flyball, 8RS)
|
Batting: RHB Gabriel Villegas
|
0-0: Foul Ball, location: 2F 0-1: Ball 1-1: Ground out 6-3 (Groundball, 6M) Nick Marshall to third
|
Batting: LHB Bill Wilson
|
0-0: Ball 1-0: Ball 2-0: Foul Ball, location: 2F 2-1: Ball 3-1: SINGLE (Flyball, 8LS) Nick Marshall scores
|
Batting: LHB Lee Burton
|
0-0: Ball 1-0: Called Strike 1-1: Foul Ball, location: 2F 1-2: Foul Ball, location: 2F 1-2: Reached on error, E6 (Groundball, 6) Bill Wilson to second
|
Batting: RHB Rafael Canales
|
0-0: Called Strike 0-1: Foul Ball, location: 2F 0-2: Ball 1-2: Foul Ball, location: 2F 1-2: Reached on error, E6 (Groundball, 6) Bill Wilson to third Lee Burton to second
|
Batting: LHB Alberto Gómez
|
0-0: Grounds into double play, 6-4-3 (Groundball, 6)
|
Bottom of the 1st over - 1 run(s), 2 hit(s), 2 error(s), 2 left on base; Amarillo 1 - Trenton 1 |
TOP OF THE 2ND |
Amarillo Archdukes batting - Pitching for Trenton Stars : RHP Ki-tong Shiu
|
Batting: RHB Jorge Espinosa
|
0-0: Called Strike 0-1: Ball 1-1: Ball 2-1: Ball 3-1: Ground out 5-3 (Groundball, 56S)
|
Batting: RHB Nobuharu Hoshino
|
0-0: Ball 1-0: Ball 2-0: Called Strike 2-1: Called Strike 2-2: Ball 3-2: Foul Ball, location: 2F 3-2: Ground out 5-3 (Groundball, 56S)
|
Batting: RHB José Tamayo
|
0-0: Swinging Strike 0-1: Ball 1-1: Called Strike 1-2: Foul Ball, location: 2F 1-2: Ball 2-2: Foul Ball, location: 2F 2-2: Ball 3-2: Strikes out swinging
|
Top of the 2nd over - 0 run(s), 0 hit(s), 0 error(s), 0 left on base; Amarillo 1 - Trenton 1 |
BOTTOM OF THE 2ND |
Trenton Stars batting - Pitching for Amarillo Archdukes : RHP José Abacil
|
Batting: LHB Ju-wei Shiu
|
0-0: Foul Ball, location: 2F 0-1: Ball 1-1: Ball 2-1: Swinging Strike 2-2: Ball 3-2: Foul Ball, location: 2F 3-2: Foul Ball, location: 2F 3-2: Foul Ball, location: 2F 3-2: Base on Balls
|
Batting: RHB Jonas Uttley
|
0-0: Called Strike 0-1: Foul Ball, location: 2F 0-2: DOUBLE (Flyball, 7LD) Ju-wei Shiu to third
|
Batting: RHB Joe Fisher
|
0-0: SINGLE (Flyball, 78M) Ju-wei Shiu scores Jonas Uttley to third Runner from 3rd tries for Home, SAFE, throw made home Joe Fisher to second
|
Batting: SHB Nick Marshall
|
0-0: SINGLE (Line Drive, 6M) Joe Fisher to third
|
Batting: RHB Gabriel Villegas
|
0-0: SINGLE (Groundball, 56D) Joe Fisher scores Nick Marshall to second
|
Batting: LHB Bill Wilson
|
0-0: Foul Ball, location: 2F 0-1: SINGLE (Groundball, 34D) Nick Marshall to third Gabriel Villegas to second Runner from 3rd tries for Home, SAFE, no throw or cutoff
|
Batting: LHB Lee Burton
|
0-0: Ball 1-0: Ball 2-0: Called Strike 2-1: Foul Ball, location: 2F 2-2: Ball 3-2: Base on Balls Gabriel Villegas to third Bill Wilson to second
|
Batting: RHB Rafael Canales
|
0-0: Ball 1-0: Ball 2-0: SINGLE (Groundball, 4D) Gabriel Villegas scores Bill Wilson to third Lee Burton to second Runner from 3rd tries for Home, SAFE, no throw or cutoff
|
Batting: LHB Alberto Gómez
|
0-0: Called Strike 0-1: Ball 1-1: Ground out 3-1 (Groundball, 34S) Lee Burton to third Rafael Canales to second
|
Batting: LHB Ju-wei Shiu
|
0-0: Ball 1-0: Ball 2-0: Foul Ball, location: 2F 2-1: Fly out, F3 (Popup, 13)
|
Batting: RHB Jonas Uttley
|
0-0: Ball 1-0: Ball 2-0: Foul Ball, location: 2F 2-1: Foul Ball, location: 2F 2-2: Reached on error, E6 (Groundball, 6) Lee Burton scores Rafael Canales scores
|
Pitching: RHP Ignacio Torres
|
|
Batting: RHB Joe Fisher
|
0-0: Called Strike 0-1: Called Strike 0-2: Strikes out swinging
|
Bottom of the 2nd over - 8 run(s), 6 hit(s), 1 error(s), 1 left on base; Amarillo 1 - Trenton 9 |
TOP OF THE 3RD |
Amarillo Archdukes batting - Pitching for Trenton Stars : RHP Ki-tong Shiu
|
Batting: RHB Mark Roy
|
0-0: Ball 1-0: SINGLE (Line Drive, 34D)
|
Batting: RHB Mitsuoki Taguchi
|
0-0: Called Strike 0-1: Ball 1-1: Ball 2-1: Ball 3-1: Base on Balls Mark Roy to second
|
Batting: RHB Ronald Parsons
|
0-0: Swinging Strike 0-1: Foul Ball, location: 2F 0-2: Strikes out looking
|
Batting: LHB Chris Pryor
|
0-0: Called Strike 0-1: TRIPLE (Flyball, 8LXD) Mark Roy scores Mitsuoki Taguchi scores
|
Pitching: LHP Michael Puckett
|
|
Batting: RHB Tim Chambers
|
0-0: Ball 1-0: SINGLE (Groundball, 56D) Chris Pryor scores
|
Batting: LHB Howard Lambert
|
0-0: Swinging Strike 0-1: Ball 1-1: Ball 2-1: Ball 3-1: Called Strike 3-2: Base on Balls Tim Chambers to second
|
Batting: RHB Jorge Espinosa
|
0-0: Ball 1-0: Fly out, F7 (Flyball, 7S)
|
Batting: RHB Nobuharu Hoshino
|
0-0: Ball 1-0: Ball 2-0: Ball 3-0: Called Strike 3-1: Called Strike 3-2: Foul Ball, location: 2F 3-2: Strikes out swinging
|
Top of the 3rd over - 3 run(s), 3 hit(s), 0 error(s), 2 left on base; Amarillo 4 - Trenton 9 |
BOTTOM OF THE 3RD |
Trenton Stars batting - Pitching for Amarillo Archdukes : RHP Ignacio Torres
|
Batting: SHB Nick Marshall
|
0-0: Called Strike 0-1: Ground out 4-3 (Groundball, 4S)
|
Batting: RHB Gabriel Villegas
|
0-0: Called Strike 0-1: Foul Ball, location: 2F 0-2: Fly out, F3 (Popup, 3D)
|
Batting: LHB Bill Wilson
|
0-0: Foul Ball, location: 2F 0-1: Hit by Pitch
|
Batting: LHB Lee Burton
|
0-0: Ball 1-0: Fly out, F2 (Popup, 2LF)
|
Bottom of the 3rd over - 0 run(s), 0 hit(s), 0 error(s), 1 left on base; Amarillo 4 - Trenton 9 |
TOP OF THE 4TH |
Amarillo Archdukes batting - Pitching for Trenton Stars : LHP Michael Puckett
|
Batting: RHB José Tamayo
|
0-0: Ball 1-0: DOUBLE (Flyball, 9D)
|
Batting: RHB Mark Roy
|
0-0: Called Strike 0-1: Ball Passed Ball! José Tamayo to third 1-1: Ball 2-1: Ball 3-1: Fly out, F9 (Flyball, 89M)
|
Batting: RHB Mitsuoki Taguchi
|
0-0: Ball 1-0: Ball 2-0: Ball 3-0: Called Strike 3-1: Foul Ball, location: 2F 3-2: Foul Ball, location: 2F 3-2: Foul Ball, location: 2F 3-2: Base on Balls
|
Batting: RHB Ronald Parsons
|
0-0: Ball Mitsuoki Taguchi steals 2nd base 1-0: 3-RUN HOME RUN (Flyball, 78XD), Distance : 403 ft
|
Batting: LHB Chris Pryor
|
0-0: Called Strike 0-1: Ground out 4-3 (Groundball, 4)
|
Batting: RHB Tim Chambers
|
0-0: Ball 1-0: Swinging Strike 1-1: Ball 2-1: Ball 3-1: DOUBLE (Groundball, 5L)
|
Batting: LHB Howard Lambert
|
0-0: Foul Ball, location: 2F 0-1: Ball 1-1: Ball 2-1: Ball 3-1: Foul Ball, location: 2F 3-2: Foul Ball, location: 2F 3-2: Base on Balls
|
Pitching: RHP Alfredo Ruíz
|
|
Batting: RHB Jorge Espinosa
|
0-0: Ground out 6-3 (Groundball, 6)
|
Top of the 4th over - 3 run(s), 3 hit(s), 0 error(s), 2 left on base; Amarillo 7 - Trenton 9 |
BOTTOM OF THE 4TH |
Trenton Stars batting - Pitching for Amarillo Archdukes : RHP Ignacio Torres
|
Batting: RHB Rafael Canales
|
0-0: Ball 1-0: Ball 2-0: Called Strike 2-1: DOUBLE (Flyball, 78XD)
|
Batting: LHB Alberto Gómez
|
0-0: Called Strike 0-1: Foul Ball, location: 2F 0-2: Ball 1-2: Ball 2-2: Strikes out swinging
|
Batting: LHB Ju-wei Shiu
|
0-0: Ball 1-0: Swinging Strike 1-1: Foul Ball, location: 2F 1-2: Foul Ball, location: 2F 1-2: Foul Ball, location: 2F 1-2: Strikes out swinging
|
Batting: RHB Jonas Uttley
|
0-0: Ball 1-0: Called Strike 1-1: Foul Ball, location: 2F 1-2: Ball 2-2: Ball 3-2: Base on Balls
|
Batting: RHB Joe Fisher
|
0-0: Ball 1-0: Foul Ball, location: 2F 1-1: Foul Ball, location: 2F 1-2: Foul Ball, location: 2F 1-2: Strikes out swinging
|
Bottom of the 4th over - 0 run(s), 1 hit(s), 0 error(s), 2 left on base; Amarillo 7 - Trenton 9 |
TOP OF THE 5TH |
Amarillo Archdukes batting - Pitching for Trenton Stars : RHP Alfredo Ruíz
|
Batting: RHB Nobuharu Hoshino
|
0-0: Foul Ball, location: 2F 0-1: DOUBLE (Flyball, 89D)
|
Batting: RHB José Tamayo
|
0-0: Foul Ball, location: 2F 0-1: Ball 1-1: Ground out 1-3 (Groundball, 13) Nobuharu Hoshino to third
|
Batting: RHB Mark Roy
|
0-0: Foul Ball, location: 2F 0-1: Fly out, F9 (Flyball, 89M) Runner from 3rd tags up, OUT at HOME
|
Top of the 5th over - 0 run(s), 1 hit(s), 0 error(s), 0 left on base; Amarillo 7 - Trenton 9 |
BOTTOM OF THE 5TH |
Trenton Stars batting - Pitching for Amarillo Archdukes : RHP Ignacio Torres
|
Batting: SHB Nick Marshall
|
0-0: Ball 1-0: Foul Ball, location: 2F 1-1: Ball 2-1: Swinging Strike 2-2: Strikes out swinging
|
Batting: RHB Gabriel Villegas
|
0-0: Swinging Strike 0-1: Swinging Strike 0-2: Foul Ball, location: 2F 0-2: SINGLE (Groundball, 6)
|
Batting: LHB Bill Wilson
|
0-0: Ball 1-0: Fly out, F9 (Line Drive, 9D)
|
Batting: LHB Lee Burton
|
0-0: Called Strike 0-1: Ground out 5-3 (Groundball, 5S)
|
Bottom of the 5th over - 0 run(s), 1 hit(s), 0 error(s), 1 left on base; Amarillo 7 - Trenton 9 |
TOP OF THE 6TH |
Amarillo Archdukes batting - Pitching for Trenton Stars : RHP Alfredo Ruíz
|
Batting: RHB Mitsuoki Taguchi
|
0-0: Ball 1-0: Ball 2-0: SOLO HOME RUN (Flyball, 7D), Distance : 363 ft
|
Batting: RHB Ronald Parsons
|
0-0: Ball 1-0: Called Strike 1-1: Foul Ball, location: 2F 1-2: Ball 2-2: Ball 3-2: Base on Balls
|
Batting: LHB Chris Pryor
|
0-0: Swinging Strike 0-1: Called Strike 0-2: Ball 1-2: Ball 2-2: Foul Ball, location: 2F 2-2: Foul Ball, location: 2F 2-2: Foul Ball, location: 2F 2-2: SINGLE (Line Drive, 4MD) Ronald Parsons to second
|
Batting: RHB Tim Chambers
|
0-0: SINGLE (Groundball, 6MD) Ronald Parsons to third Chris Pryor to second
|
Batting: LHB Howard Lambert
|
0-0: Fly out, F3 (Line Drive, 34) 0-0: Fly out, F3 (Line Drive, 34)
|
Batting: RHB Jorge Espinosa
|
0-0: Ball 1-0: Ball 2-0: Ball 3-0: Called Strike 3-1: SINGLE (Groundball, 56D) Ronald Parsons scores Chris Pryor to third Tim Chambers to second Throwing error, E7 Chris Pryor scores Tim Chambers to third Jorge Espinosa to second
|
Batting: RHB Nobuharu Hoshino
|
0-0: Swinging Strike 0-1: Swinging Strike 0-2: SINGLE (Flyball, 78S) Tim Chambers scores Jorge Espinosa to third
|
Batting: RHB José Tamayo
|
0-0: Foul Ball, location: 2F 0-1: Ball 1-1: Ball 2-1: Ball 3-1: Swinging Strike 3-2: Ground out 5-3 (Groundball, 5S) Jorge Espinosa scores Nobuharu Hoshino to second
|
Batting: RHB Mark Roy
|
0-0: Ball 1-0: Ball 2-0: Foul Ball, location: 2F 2-1: Ball 3-1: Base on Balls
|
Batting: RHB Mitsuoki Taguchi
|
0-0: Ball 1-0: Ball 2-0: Called Strike 2-1: Ball 3-1: Foul Ball, location: 2F 3-2: Foul Ball, location: 2F 3-2: Base on Balls Nobuharu Hoshino to third Mark Roy to second
|
Batting: RHB Ronald Parsons
|
0-0: Ball 1-0: Called Strike 1-1: Foul Ball, location: 2F 1-2: SINGLE (Groundball, 6MD) Nobuharu Hoshino scores Mark Roy to third Mitsuoki Taguchi to second Runner from 3rd tries for Home, SAFE, no throw or cutoff
|
Batting: LHB Chris Pryor
|
0-0: Foul Ball, location: 2F 0-1: Ball 1-1: Ground out U3 (Groundball, 3)
|
Top of the 6th over - 7 run(s), 6 hit(s), 1 error(s), 2 left on base; Amarillo 14 - Trenton 9 |
BOTTOM OF THE 6TH |
Trenton Stars batting - Pitching for Amarillo Archdukes : RHP Ignacio Torres
|
Pitching: RHP Mike Hodges
|
|
Batting: RHB Rafael Canales
|
0-0: Ball 1-0: Foul Ball, location: 2F 1-1: Ball 2-1: Ball 3-1: Base on Balls
|
Batting: LHB Alberto Gómez
|
0-0: Foul Ball, location: 2F 0-1: Swinging Strike 0-2: Ball 1-2: SINGLE (Flyball, 7S) Rafael Canales to second
|
Batting: LHB Ju-wei Shiu
|
0-0: Swinging Strike 0-1: Ball 1-1: Foul Ball, location: 2F 1-2: Ball 2-2: Ball 3-2: Strikes out swinging
|
Batting: RHB Jonas Uttley
|
0-0: Fly out, F8 (Flyball, 8RM)
|
Batting: RHB Joe Fisher
|
0-0: Fly out, F2 (Popup, 2RF)
|
Bottom of the 6th over - 0 run(s), 1 hit(s), 0 error(s), 2 left on base; Amarillo 14 - Trenton 9 |
TOP OF THE 7TH |
Amarillo Archdukes batting - Pitching for Trenton Stars : RHP Alfredo Ruíz
|
Batting: RHB Tim Chambers
|
0-0: Ball 1-0: Called Strike 1-1: Ball 2-1: SINGLE (Groundball, 56D)
|
Pitching: RHP Rob Bass
|
|
Batting: LHB Howard Lambert
|
0-0: Ball 1-0: Ball 2-0: Foul Ball, location: 2F 2-1: Ball 3-1: Called Strike 3-2: Foul Ball, location: 2F 3-2: Base on Balls Tim Chambers to second
|
Batting: RHB Jorge Espinosa
|
0-0: Swinging Strike 0-1: Bunted foul 0-2: Ball 1-2: Fly out, F4 (Popup, 34)
|
Batting: RHB Nobuharu Hoshino
|
0-0: Called Strike 0-1: Foul Ball, location: 2F 0-2: Ball 1-2: Fly out, F9 (Flyball, 89D) Runner from 2nd tags up, SAFE at 3rd, no throw
|
Batting: RHB José Tamayo
|
0-0: Ball 1-0: SINGLE (Groundball, 5L) Tim Chambers scores Howard Lambert to second
|
Batting: RHB Mark Roy
|
0-0: Foul Ball, location: 2F 0-1: Ball 1-1: Swinging Strike 1-2: Hit by Pitch Howard Lambert to third José Tamayo to second
|
Batting: RHB Mitsuoki Taguchi
|
0-0: Called Strike 0-1: Ball 1-1: SINGLE (Flyball, 9LS) Howard Lambert scores José Tamayo to third Mark Roy to second Runner from 3rd tries for Home, SAFE, no throw or cutoff
|
Batting: RHB Ronald Parsons
|
0-0: Ground out 5-3 (Groundball, 5)
|
Top of the 7th over - 3 run(s), 3 hit(s), 0 error(s), 2 left on base; Amarillo 17 - Trenton 9 |
BOTTOM OF THE 7TH |
Trenton Stars batting - Pitching for Amarillo Archdukes : RHP Mike Hodges
|
Batting: SHB Nick Marshall
|
0-0: Called Strike 0-1: Ball 1-1: Ball 2-1: Foul Ball, location: 2F 2-2: SINGLE (Flyball, 6MD)
|
Batting: RHB Gabriel Villegas
|
0-0: Called Strike 0-1: Ball 1-1: Grounds into double play, 5-4-3 (Groundball, 56)
|
Batting: LHB Bill Wilson
|
0-0: Ground out 4-3 (Groundball, 4)
|
Bottom of the 7th over - 0 run(s), 1 hit(s), 0 error(s), 0 left on base; Amarillo 17 - Trenton 9 |
TOP OF THE 8TH |
Amarillo Archdukes batting - Pitching for Trenton Stars : RHP Rob Bass
|
Batting: LHB Chris Pryor
|
0-0: Swinging Strike 0-1: Ball 1-1: Ball 2-1: Foul Ball, location: 2F 2-2: Ground out U3 (Groundball, 3S)
|
Batting: RHB Tim Chambers
|
0-0: Called Strike 0-1: DOUBLE (Line Drive, 5D)
|
Batting: LHB Howard Lambert
|
0-0: Foul Ball, location: 2F 0-1: Ball 1-1: Ball 2-1: Ball 3-1: SINGLE (Groundball, 34D) Tim Chambers to third Runner from 3rd tries for Home, throw and OUT!
|
Batting: RHB Jorge Espinosa
|
0-0: Foul Ball, location: 2F 0-1: Ball 1-1: Ball 2-1: Swinging Strike 2-2: Foul Ball, location: 2F 2-2: Ball 3-2: Base on Balls Howard Lambert to second
|
Batting: RHB Nobuharu Hoshino
|
0-0: Ball 1-0: Ball 2-0: Ball 3-0: Base on Balls Howard Lambert to third Jorge Espinosa to second
|
Batting: RHB José Tamayo
|
0-0: Ball 1-0: Called Strike 1-1: Foul Ball, location: 2F 1-2: Ball 2-2: Ball 3-2: Foul Ball, location: 2F 3-2: Ground out 5-3 (Groundball, 5S)
|
Top of the 8th over - 0 run(s), 2 hit(s), 0 error(s), 3 left on base; Amarillo 17 - Trenton 9 |
BOTTOM OF THE 8TH |
Trenton Stars batting - Pitching for Amarillo Archdukes : RHP Mike Hodges
|
Pitching: RHP Ignacio Beltrán
|
|
Now at 2B: Domingo Bueno
|
|
Batting: LHB Lee Burton
|
0-0: Ball 1-0: Foul Ball, location: 2F 1-1: Ball 2-1: Ball 3-1: Base on Balls
|
Batting: RHB Rafael Canales
|
0-0: Swinging Strike 0-1: Ball 1-1: Called Strike 1-2: Strikes out swinging
|
Batting: LHB Alberto Gómez
|
0-0: Ball 1-0: Called Strike 1-1: Swinging Strike 1-2: Strikes out looking
|
Batting: LHB Ju-wei Shiu
|
0-0: Ball 1-0: Called Strike 1-1: Foul Ball, location: 2F 1-2: Ball 2-2: Ground out U3 (Groundball, 3)
|
Bottom of the 8th over - 0 run(s), 0 hit(s), 0 error(s), 1 left on base; Amarillo 17 - Trenton 9 |
TOP OF THE 9TH |
Amarillo Archdukes batting - Pitching for Trenton Stars : RHP Rob Bass
|
Pitching: RHP Chris Cole
|
|
Batting: RHB Mark Roy
|
0-0: Ball 1-0: Ground out 4-3 (Groundball, 4M)
|
Batting: RHB Mitsuoki Taguchi
|
0-0: SINGLE (Groundball, 56S)
|
Batting: RHB Ronald Parsons
|
0-0: Grounds into double play, 6-4-3 (Groundball, 6)
|
Top of the 9th over - 0 run(s), 1 hit(s), 0 error(s), 0 left on base; Amarillo 17 - Trenton 9 |
BOTTOM OF THE 9TH |
Trenton Stars batting - Pitching for Amarillo Archdukes : RHP Ignacio Beltrán
|
Batting: RHB Jonas Uttley
|
0-0: Called Strike 0-1: Ball 1-1: Swinging Strike 1-2: Foul Ball, location: 2F 1-2: Strikes out swinging
|
Batting: RHB Joe Fisher
|
0-0: Ball 1-0: Called Strike 1-1: Swinging Strike 1-2: Ball 2-2: Ball 3-2: Base on Balls
|
Pitching: RHP Larry Pérez
|
|
Batting: SHB Nick Marshall
|
0-0: Ball 1-0: Ball 2-0: Foul Ball, location: 2F 2-1: Foul Ball, location: 2F 2-2: Foul Ball, location: 2F 2-2: Reached on error, E4 (Groundball, 4) Joe Fisher to second
|
Batting: RHB Gabriel Villegas
|
0-0: Ball 1-0: Ball 2-0: Foul Ball, location: 2F 2-1: Swinging Strike 2-2: Ball 3-2: Grounds into double play, 1-4-3 (Groundball, 13S)
|
Bottom of the 9th over - 0 run(s), 0 hit(s), 1 error(s), 1 left on base; Amarillo 17 - Trenton 9 |
|